 Dungeon Crawl Stone Soup version 0.28-a0-1493-g08698888e4 (webtiles) character file.

Game seed: 14574601528346509950

287 bande the Covered (level 6, -1/38 HPs)
             Began as a Gargoyle Fighter on Jan 13, 2022.
             Slain by an ogre (3 damage)
             ... on level 4 of the Dungeon.
             The game lasted 00:07:34 (3998 turns).

bande the Covered (Gargoyle Fighter)                Turns: 3998, Time: 00:07:34

Health: -1/38      AC: 16    Str: 17    XL:     6   Next: 30%
Magic:  6/6        EV:  8    Int: 11    God:
Gold:   164        SH:  7    Dex:  6    Spells: 5/5 levels left

rFire   + . .      SeeInvis .   a - +0 war axe
rCold   + + +      Faith    .   i - +0 kite shield
rNeg    + + +      Spirit   .   j - +5 ring mail of Delicate Intercession {rF+ rC+++ rN++ Dex-5}
rPois   ∞          Reflect  .   (helmet restricted)
rElec   +          Harm     .   (no cloak)
rCorr   .          Rampage  .   (no gloves)
Will    .....      Clarity  +   f - +0 pair of boots
Stlth   ..........              (no amulet)
HPRegen 0.12/turn               (no ring)
MPRegen 0.10/turn               (no ring)

@: no status effects
A: sickness immunity, AC +4, negative energy resistance 1, electricity
resistance, torment resistance 1, petrification resistance, beak, clarity,
clever 1, weak 1
a: no special abilities


You were on level 4 of the Dungeon.
You visited 1 branch of the dungeon, and saw 4 of its levels.

You collected 164 gold pieces.

Inventory:

Hand Weapons
 a - a +0 war axe (weapon)
 k - a +0 flail
Missiles
 l - a throwing net (quivered)
Armour
 b - a +0 scale mail
 f - a +0 pair of boots (worn)
 h - a +0 helmet
 i - a +0 kite shield (worn)
 j - the +5 ring mail of Delicate Intercession (worn) {rF+ rC+++ rN++ Dex-5}
   (You found it on level 2 of the Dungeon)

   Dex:       It affects your dexterity (-5).
   rF:        It protects you from fire.
   rC:        It renders you almost immune to cold.
   rN:        It greatly protects you from negative energy.
Wands
 g - a wand of polymorph (9)
Potions
 d - a potion of might
 e - a potion of haste
 m - a potion of mutation
 n - a potion of heal wounds
 o - a potion of flight


   Skills:
 + Level 4.1 Fighting
 + Level 4.1 Axes
 + Level 4.3 Armour
 - Level 0.1 Dodging
 - Level 0.2 Stealth
 + Level 3.9 Shields
 * Level 1.5 Evocations


You had 5 spell levels left.
You didn't know any spells.
Your spell library contained the following spells:

 Spells                   Type           Power      Damage    Failure   Level
 Magic Dart               Conj           0%         1d3       88%         1
 Searing Ray              Conj           0%         2d4       96%         2
 Fulminant Prism          Conj/Hex       0%         3d6       100%        4
 Summon Forest            Summ/Tloc      0%         N/A       100%        5
 Eringya's Noxious Bog    Tmut/Pois      0%         N/A       100%        6
 Summon Hydra             Summ           0%         N/A       100%        7


Dungeon Overview and Level Annotations

Branches:
Dungeon (4/15)
 Temple: D:4-7

Altars:
Cheibriados

Annotations:
D:4 1 runed translucent door, Crazy Yiuf


Innate Abilities, Weirdness & Mutations

You are immune to sickness and miasma.
Your stone body is resilient. (AC +4)
You are immune to poison.
You resist negative energy. (rN+)
You are resistant to electric shocks. (rElec)
You are resistant to unholy torment.
You are immune to petrification.
You have a beak for a mouth.
You possess an exceptional clarity of mind.
Your mind is acute. (Int +2)
You are weak. (Str -2)


Message History

You hit the phantom. Your peck misses the phantom.
The phantom is heavily damaged.
You block the phantom's attack. x2
You closely miss the phantom. You peck the phantom.
The phantom is severely damaged.
The phantom hits you.
You hit the phantom.
The phantom is almost destroyed.
The phantom closely misses you.
You slash the phantom!
You destroy the phantom!
Your Axes skill increases to level 4!
You have reached level 6!
An ogre comes into view. It is wielding a +0 giant club.
The ogre shouts!
An ogre is nearby!
The ogre hits you with a +0 giant club!
You barely miss the ogre. You peck the ogre.
The ogre is lightly wounded.
The ogre closely misses you.
You barely miss the ogre.
The ogre is lightly wounded.
The ogre hits you with a +0 giant club!
* * * LOW HITPOINT WARNING * * *
You are too injured to fight recklessly!
You are too injured to fight recklessly!
You slash the ogre!
The ogre is heavily wounded.
The ogre closely misses you. The ogre hits you with a +0 giant club!
* * * LOW HITPOINT WARNING * * *
You slash the ogre!
The ogre is severely wounded.
You block the ogre's attack.
You hit the ogre. Your peck misses the ogre.
The ogre is almost dead.
You block the ogre's attack.
You hit the ogre. Your peck misses the ogre.
The ogre is almost dead.
The ogre hits you with a +0 giant club.
You die...

.. ########### .# ##
..........# .# .. #...
.###.#####.# # #. #.#.#
..#.##....#.# #.
#.....#O#.##.#... #.
#.#.#..@#.##[#.########.
#............†..........
#.#.#.#.#.####..#######.
# #.#.#.# #..#######< .
#.#.# #[<##....#. ##
#.#.# #.......... ..#.#
##.##....## ###>.
........... ###
#.#.########


You could see an ogre.

Vanquished Creatures
  A phantom (D:4)
  A bullfrog skeleton (D:4)
  A gnoll shaman (D:2)
  2 adders
  7 gnolls
  A worm (D:2)
  2 dart slugs (D:2)
  2 orcs
  3 bats
  7 endoplasms
  3 giant cockroaches
  5 goblins (D:1)
  5 hobgoblins
  4 quokkas
  7 ball pythons
  2 frilled lizards
  7 kobolds
  8 rats
68 creatures vanquished.

Vanquished Creatures (others)
  8 plants
8 creatures vanquished.

Grand Total: 76 creatures vanquished

Notes
Turn   | Place    | Note
-------+----------+-------------------------------------------
     0 | D:1      | bande the Gargoyle Fighter began the quest for the Orb.
     0 | D:1      | Reached XP level 1. HP: 14/14 MP: 1/1
    96 | D:1      | Found a faded altar of an unknown god.
    98 | D:1      | Noticed a great orb of eyes
    98 | D:1      | Noticed an eye of devastation
    99 | D:1      | Noticed a floating eye
    99 | D:1      | Noticed a floating eye
   407 | D:1      | Reached XP level 2. HP: 19/19 MP: 2/2
  1014 | D:1      | Reached XP level 3. HP: 12/23 MP: 3/3
  1735 | D:2      | Gained mutation: Your spells are a little harder to cast,
                  | but a little more powerful. [potion of mutation]
  1830 | D:2      | Reached XP level 4. HP: 25/29 MP: 4/4
  2121 | D:2      | Identified the +5 ring mail of Delicate Intercession {rF+
                  | rC+++ rN++ Dex-5}
  2398 | D:2      | Found a snail-covered altar of Cheibriados.
  2618 | D:2      | Reached XP level 5. HP: 11/33 MP: 5/5
  3159 | D:3      | Reached skill level 1 in Evocations
  3228 | D:3      | Lost mutation: Your spells are a little harder to cast, but
                  | a little more powerful. [potion of mutation]
  3228 | D:3      | Gained mutation: You are weak. (Str -2) [potion of
                  | mutation]
  3228 | D:3      | Gained mutation: You have a beak for a mouth. [potion of
                  | mutation]
  3228 | D:3      | Gained mutation: You possess an exceptional clarity of
                  | mind. [potion of mutation]
  3228 | D:3      | Gained mutation: Your mind is acute. (Int +2) [potion of
                  | mutation]
  3775 | D:4      | Found a runed translucent door.
  3776 | D:4      | Noticed Crazy Yiuf
  3896 | D:4      | Noticed a phantom
  3909 | D:4      | Killed a phantom
  3910 | D:4      | Reached XP level 6. HP: 28/38 MP: 6/6
  3995 | D:4      | HP: 1/38 [ogre (10)]
  3998 | D:4      | Slain by an ogre

Illustrated notes

Levels and vault maps discovered:
D:1:      dpeg_arrival_line_fractal, layout_loops_corners,
          hellmonk_ecumenical_altar_watching_god, minmay_split_cup_small
D:2:      layout_basic, basic_altar, serial_bayou_pond_b
D:3:      layout_rooms, grunt_decor_junction, nicolae_grassy_gnolls
D:4:      layout_basic, kennysheep_little_box, minmay_temple_entry_glassed_door,
          serial_glass, glass_columns_c, glass_columns_a, glass_columns_a,
          glass_columns_b, glass_columns_a, glass_columns_a, uniq_ijyb,
          uniq_crazy_yiuf_cottage, uniq_menkaure

Skill      XL: |  1  2  3  4  5 |
---------------+----------------+-----
Axes           | 2 3 4 |  4.1
Armour         | 4 |  4.3
Evocations     | 1 |  1.5
Fighting       | 4 |  4.1
Dodging        | |  0.1
Stealth        | |  0.2
Shields        | |  3.9

Action                   |  1- 3 |  4- 6 || total
-------------------------+-------+-------++-------
Melee: War axe           |    86 |   112 ||   198
       Peck              |       |     5 ||     5
  Use: Scroll            |     3 |     3 ||     6
       Potion            |     1 |     1 ||     2
Armor: Scale mail        |    40 |     3 ||    43
       Ring mail         |       |    56 ||    56
Dodge: Dodged            |    48 |    53 ||   101
Block: Buckler           |    20 |    23 ||    43
       Kite shield       |       |    10 ||    10

Table legend: (Time is in decaauts)
 A = Elapsed time spent in this place.
 B = Non-inter-level travel time spent in this place.
 C = Inter-level travel time spent in this place.
 D = Time resting spent in this place.
 E = Time spent auto-exploring this place.
 F = Levels seen in this place.
 G = Mean time per level.
                   A        B        C        D        E       F      G
               +--------+--------+--------+--------+--------+-----+--------+
         Total |   4082 |   4056 |     26 |    817 |   2524 |   4 | 1020.5 |
       Dungeon |   4082 |   4056 |     26 |    817 |   2524 |   4 | 1020.5 |
               +--------+--------+--------+--------+--------+-----+--------+

Top non-repeatable levels by time:
     D:1: 1600 daAuts
     D:2: 1599 daAuts
     D:3: 491 daAuts
     D:4: 390 daAuts
